 Dungeon Crawl Stone Soup version 0.28.0-53-g5a82cb258f (console) character file.

Game seed: 8608810487782407258

60 helpvisa the Bolt Thrower (level 3, -6/30 HPs)
             Began as a Minotaur Hunter on July 3, 2022.
             Mangled by a gnoll
             ... wielding a +0 halberd
              (14 damage)
             ... on level 3 of the Dungeon.
             The game lasted 00:25:09 (1925 turns).

helpvisa the Bolt Thrower (Minotaur Hunter)         Turns: 1925, Time: 00:25:09

Health: -6/30      AC:  3    Str: 18    XL:     3   Next: 82%
Magic:  2/2        EV: 12    Int:  8    God:
Gold:   57         SH:  5    Dex: 10    Spells: 2/2 levels left

rFire   . . .      SeeInvis .   n - +0 dagger (venom)
rCold   . . .      Faith    .   (no shield)
rNeg    . . .      Spirit   .   c - +0 leather armour
rPois   .          Reflect  +   (helmet restricted)
rElec   .          Harm     .   (no cloak)
rCorr   .          Rampage  .   (no gloves)
Will    .....                   (no boots)
Stlth   +.........              h - amulet of reflection
HPRegen 0.10/turn               (no ring)
MPRegen 0.08/turn               (no ring)

@: mighty
A: horns 2, retaliatory headbutt
a: no special abilities


You were on level 3 of the Dungeon.
You visited 1 branch of the dungeon, and saw 3 of its levels.

You collected 57 gold pieces.

Inventory:

Hand Weapons
 a - a +1 hand crossbow
 n - a +0 dagger of venom (weapon)
Missiles
 d - 43 bolts
 e - 27 stones (quivered)
Armour
 c - a +0 leather armour (worn)
 l - a +0 ring mail
Magical Staves
 o - a staff of air
Jewellery
 h - an amulet of reflection (around neck)
Wands
 p - a wand of polymorph (5)
Scrolls
 g - 2 scrolls of identify
 j - a scroll of enchant armour {unknown}
 k - a scroll of teleportation {unknown}
Potions
 b - a potion of ambrosia {unknown}
 i - a potion of curing {unknown}
 m - a potion of cancellation {unknown}


   Skills:
 + Level 2.7 Fighting
 + Level 0.1 Short Blades
 * Level 5.2 Crossbows
 + Level 0.4 Throwing
 + Level 1.3 Armour
 + Level 2.4 Dodging
 * Level 1.3 Stealth


You had 2 spell levels left.
You didn't know any spells.
Your spell library was empty.

Dungeon Overview and Level Annotations

Branches:
Dungeon (3/15)

Altars:


Innate Abilities, Weirdness & Mutations

You have a pair of horns on your head.
You reflexively headbutt those who attack you in melee.


Message History

A quokka comes into view.
A gnoll comes into view. It is wielding a +0 flail.
A gnoll comes into view. It is wielding a +0 halberd.
You see here a wand of polymorph (5).
p - a wand of polymorph (5)
The adder bites you.
You are poisoned.
The adder poisons you!
You miss the adder. Your punch misses the adder.
You feel sick. The adder closely misses you. The adder misses you.
You furiously retaliate!
You headbutt the adder. You hit the adder.
The adder is poisoned.
Your headbutt misses the adder.
The adder is moderately wounded.
You feel sick. The adder bites you.
You feel sick.
You miss the adder. You headbutt the adder.
The adder is severely wounded.
You feel sick. The adder bites you but does no damage.
The gnoll closely misses you. The adder barely misses you.
You barely miss the adder. Your headbutt misses the adder. You punch the adder.
You kill the adder!
You feel sick.
You are no longer poisoned.
The quokka misses you. The gnoll closely misses you.
The gnoll barely misses you.
The quokka bites you but does no damage.
Your Stealth skill increases to level 1!
You hit the gnoll.
The gnoll is poisoned.
You punch the gnoll.
The gnoll is moderately wounded.
The gnoll hits you from afar with a +0 halberd.
The gnoll closely misses you. The quokka misses you. You furiously retaliate!
You headbutt the quokka!
You kill the quokka!
You closely miss the gnoll.
The gnoll is moderately wounded.
The gnoll barely misses you. The gnoll hits you with a +0 flail!
* * * LOW HITPOINT WARNING * * *
You feel very mighty all of a sudden. The gnoll completely misses you.
The gnoll closely misses you.
You hit the gnoll.
You kill the gnoll!
The gnoll hits you from afar with a +0 halberd!
You die...

.....#+##.... ............ .#
#. .................. ..###.
......r.#.......... ..#⌠
......S.#......... ...
........#......###+####.# # .
........#...g...........# .
..........#..)............###.
#...........†@.........)......
#>...###.................##...
#....###...###...........##...
#........................##...
#.............................
...................####.......
......##...........####.......
...... #.........†....#.......
..... #......................
..... #......................
.... #......................


You could see a gnoll.

Vanquished Creatures
  A gnoll (D:3)
  An adder (D:3)
  3 worms
  A dart slug (D:1)
  A bat (D:1)
  4 endoplasms
  3 giant cockroaches
  5 goblins
  6 hobgoblins
  3 quokkas
  3 ball pythons (D:1)
  4 kobolds
  4 rats
39 creatures vanquished.

Notes
Turn   | Place    | Note
-------+----------+-------------------------------------------
     0 | D:1      | helpvisa the Minotaur Hunter began the quest for the Orb.
     0 | D:1      | Reached XP level 1. HP: 18/18 MP: 0/0
   103 | D:1      | Reached XP level 2. HP: 22/25 MP: 1/1
   406 | D:1      | Reached skill level 5 in Crossbows
   744 | D:2      | Reached XP level 3. HP: 25/30 MP: 2/2
   910 | D:2      | Identified the +7 chain mail of Least Resistance {Str-3
                  | Int+5}
   991 | D:2      | Reached skill level 1 in Armour
  1922 | D:3      | Reached skill level 1 in Stealth
  1925 | D:3      | Mangled by a gnoll

Illustrated notes

Levels and vault maps discovered:
D:1:      nicolae_arrival_somewhat_less_tricky_arrival, layout_loops_corners
D:2:      layout_basic
D:3:      layout_basic, shapermc_ecumenical_altar_venn

Skill      XL: |  1  2  3 |
---------------+----------+-----
Crossbows      | 5 |  5.2
Armour         | 1 |  1.3
Stealth        | 1 |  1.3
Fighting       | |  2.7
Short Blades   | |  0.1
Throwing       | |  0.4
Dodging        | |  2.4

Action                   || total
-------------------------++-------
Melee: Short sword       ||    62
       Headbutt          ||    14
       Punch             ||     4
       Dagger            ||     8
 Fire: Hand crossbow     ||    23
Throw: Stone             ||    18
  Use: Scroll            ||     2
       Potion            ||     1
Armor: Leather armour    ||    21
Dodge: Dodged            ||    44
Block: Other             ||     2
